 Dungeon Crawl Stone Soup version 0.31-a0-354-g827e0957a7 (webtiles) character file.

Game seed: 1598334911613567500

807 mopl the Insei (level 7, -1/46 HPs)
             Began as an Octopode Shapeshifter on July 23, 2023.
             Slain by a gnoll
             ... wielding a +0 spear
             ... led by a gnoll bouda
              (9 damage)
             ... on level 4 of the Dungeon.
             The game lasted 00:04:15 (2340 turns).

mopl the Insei (Octopode Shapeshifter)              Turns: 2340, Time: 00:04:16

Health: -1/46      AC:  1    Str: 14    XL:     7   Next: 92%
Magic:  7/7        EV: 14    Int: 10    God:
Gold:   190        SH:  0    Dex: 15    Spells: 6/6 levels left

rFire   . .          .
                       - Unarmed
rCold   . . .        (no shield)
rNeg    . . .        (helmet currently unavailable)
rPois   .            (no amulet)
rElec   .            d - ring of willpower
rCorr   .            (no ring)
SInv    .            (no ring)
Will    +....        (no ring)
Stlth   ++           (no ring)
HPRegen 0.27/turn    (no ring)
MPRegen 0.10/turn    (no ring)
                     (no ring)

%: no passive effects
@: beast-form, weakened
A: beast (slay +3), almost no armour, amphibious, 8 rings, camouflage 1,
gelatinous body 1, (nimble swimmer 1), tentacles
a: Begin Untransformation


You were on level 4 of the Dungeon.
You were a hulking beast.
You visited 1 branch of the dungeon, and saw 4 of its levels.
You also visited: Sewer.

You collected 190 gold pieces.

Inventory:

Jewellery
 d - a ring of willpower (left tentacle)
Talismans
 b - a beast talisman
Wands
 o - a wand of polymorph (6)
 q - a wand of paralysis (8)
Scrolls
 c - 4 scrolls of identify
 f - 3 scrolls of enchant armour {unknown}
 g - 2 scrolls of fear {unknown}
 h - a scroll of enchant weapon {unknown}
 i - 2 scrolls of teleportation {unknown}
 j - 2 scrolls of immolation {unknown}
 l - 2 scrolls of poison {unknown}
 m - a scroll of revelation {unknown}
 p - a scroll of blinking
 r - a scroll of butterflies {unknown}
Potions
 a - 3 potions of lignification {!q}
 e - a potion of resistance
 k - a potion of curing
 n - 3 potions of cancellation


   Skills:
 + Level 3.4 Fighting
 + Level 3.7 Dodging
 * Level 5.8 Unarmed Combat
 * Level 5.1 Shapeshifting


You had 6 spell levels left.
You didn't know any spells.
Your spell library contained the following spells:

 Spells                   Type           Power      Damage    Failure   Level
 Summon Small Mammal      Summ           0%         N/A       36%         1
 Blink                    Tloc           0%         N/A       50%         2
 Call Canine Familiar     Summ           0%         N/A       75%         3
 Summon Guardian Golem    Hex/Summ       0%         N/A       75%         3
 Manifold Assault         Tloc           0%         N/A       98%         4


Dungeon Overview and Level Annotations

Branches:
Dungeon (4/15)              Sewer (visited)
 Temple: D:4-7

Altars:
Fedhas
Ru

Annotations:
D:3 2 transporters, Takeo's ghost, amateur OpSh


Innate Abilities, Weirdness & Mutations

You are a hulking beast.
Your limbs bulge with bestial killing power. (Slay +3)
You cannot wear most types of armour.
You are amphibious.
You can wear up to eight rings at the same time.
Your skin changes colour to match your surroundings (Stealth+).
Your rubbery body absorbs attacks. (AC +1, EV +1)
((You are camouflaged when in or above water. (Stealth+)))
You have tentacles for arms and can constrict up to eight enemies at once.


Message History

You constrict the worm. You tentacle-slap the worm.
You squeeze the worm, but do no damage.
The worm is almost dead.
You constrict the worm. The worm barely misses you.
You tentacle-slap the worm.
You kill the worm!
Things that are here:
a jackal corpse; a jackal corpse
Found a stone staircase leading down.
The gnoll bouda shouts!
The gnoll bouda barks out a call to the hunt!
The gnoll bouda hits you with a +0 whip.
The gnoll hits you from afar with a +0 spear.
The gnoll shouts!
You tentacle-slap the gnoll bouda. Your grab misses the gnoll bouda.
The gnoll bouda is moderately wounded.
The gnoll bouda gazes fiercely through you!
You feel your attacks grow feeble.
The gnoll hits you from afar with a +0 spear.
You tentacle-slap the gnoll bouda. You grab the gnoll bouda.
The gnoll bouda is moderately wounded.
You constrict the gnoll bouda.
The gnoll hits you from afar with a +0 spear!
The gnoll bouda misses you.
You are too injured to fight recklessly!
You tentacle-slap the gnoll bouda.
You squeeze the gnoll bouda, but do no damage.
The gnoll bouda is heavily wounded.
You constrict the gnoll bouda, but do no damage.
The gnoll hits you from afar with a +0 spear.
The gnoll hits you from afar with a +0 spear!
* * * LOW HITPOINT WARNING * * *
You tentacle-slap the gnoll bouda but do no damage.
You squeeze the gnoll bouda!
The gnoll bouda is almost dead.
You constrict the gnoll bouda. The gnoll bouda closely misses you.
The gnoll hits you from afar with a +0 spear.
* * * LOW HITPOINT WARNING * * *
The gnoll hits you from afar with a +0 spear!
You die...

#. #. .. #..# #.# #. ...
..... #.##. ... ...> ###
#.#. ###.## #..# ..# ##..
.. ##.....##..# #.###.##
#..#.....g.#..# #..#.##
#.#.......#.# #.#.##
.g..._.ggh.# #.#.#
#....[..#.# #.#.##
#.......#.# #.#..###
#.....##.## #.....(.
#.####.####..#######.....##
#..............†.)........#
#.....##.....#######.....##
#####. ##...## ##...## #g
##..# ##..#


You could see a gnoll bouda and 2 gnolls.

Vanquished Creatures
  Grinder (D:3)
  Sigmund (D:3)
  A bullfrog (Sewer)
  Ijyb (D:3)
  Jessica (D:2)
  Robin (D:3)
  15 adders
  2 gnolls (D:4)
  2 river rats (D:3)
  8 worms
  3 dart slugs
  An orc (D:3)
  7 ball pythons
  3 bats
  9 endoplasms
  13 giant cockroaches
  7 hobgoblins
  5 jackals
  5 kobolds
  11 quokkas
  10 frilled lizards
  14 goblins
  5 rats
126 creatures vanquished.

Notes
Turn   | Place    | Note
-------+----------+-------------------------------------------
     0 | D:1      | mopl the Octopode Shapeshifter began the quest for the Orb.
     0 | D:1      | Reached XP level 1. HP: 13/13 MP: 1/1
   171 | D:1      | Reached XP level 2. HP: 18/18 MP: 2/2
   620 | D:1      | Reached XP level 3. HP: 23/23 MP: 3/3
   720 | D:2      | Found a sacrificial altar of Ru.
   769 | D:2      | Noticed Jessica
   776 | D:2      | Killed Jessica
   779 | D:2      | Reached XP level 4. HP: 26/29 MP: 4/4
  1200 | D:3      | Reached skill level 4 in Unarmed Combat
  1210 | D:3      | Reached skill level 2 in Fighting
  1210 | D:3      | Reached XP level 5. HP: 15/34 MP: 5/5
  1252 | D:3      | Found a glowing drain.
  1259 | Sewer    | Entered a sewer
  1380 | Sewer    | Reached skill level 4 in Shapeshifting
  1488 | Sewer    | Reached skill level 3 in Dodging
  1488 | Sewer    | Reached XP level 6. HP: 35/41 MP: 6/6
  1579 | D:3      | Noticed Ijyb
  1588 | D:3      | Killed Ijyb
  1686 | D:3      | Noticed Robin
  1698 | D:3      | Killed Robin
  1759 | D:3      | Reached skill level 5 in Unarmed Combat
  1780 | D:3      | Noticed Sigmund
  1791 | D:3      | Killed Sigmund
  1792 | D:3      | Reached skill level 3 in Fighting
  1792 | D:3      | Reached XP level 7. HP: 42/46 MP: 7/7
  1806 | D:3      | Found a transporter.
  1806 | D:3      | Noticed Takeo's ghost (amateur OpSh)
  1879 | D:3      | Identified the +1 chain mail of Syndicalism {*Corrode rC++
                  | Regen+ Int+3}
  1910 | D:3      | Found a transporter.
  1925 | D:3      | Noticed Grinder
  1939 | D:3      | Killed Grinder
  1940 | D:3      | Reached skill level 5 in Shapeshifting
  2300 | D:4      | Found a blossoming altar of Fedhas.
  2340 | D:4      | Slain by a gnoll

Illustrated notes

Levels and vault maps discovered:
D:1:      mrwooster_arrival_statue_2, layout_basic, grunt_decor_arrowhead
D:2:      layout_loops_ring, basic_altar, minmay_misc_feat_four_crosses,
          minivault_26, uniq_jessica
D:3:      layout_loops_cross, gammafunk_ghost_stat_death,
          lightli_sewer_entry_pipes, minmay_misc_feat_square, uniq_grinder,
          uniq_robin, uniq_ijyb, uniq_sigmund
D:4:      layout_loops_ring, old_standard_altar, grunt_ministairs_11

Skill      XL: |  1  2  3  4  5  6  7 |
---------------+----------------------+-----
Unarmed Combat | 4 5 |  5.8
Fighting       | 2 3 |  3.4
Shapeshifting  | 4 5 |  5.1
Dodging        | 3 |  3.7

Action                     |  1- 3 |  4- 6 |  7- 9 || total
---------------------------+-------+-------+-------++-------
  Melee: Unarmed           |    47 |   167 |    40 ||   254
         Constrict         |    13 |    42 |    10 ||    65
         Tentacles         |     7 |    22 |    13 ||    42
         Punch             |       |     7 |     4 ||    11
    Use: Scroll            |       |       |     4 ||     4
   Stab: Sleeping          |     9 |    13 |     6 ||    28
 Armour: Skin              |     3 |     5 |     1 ||     9
  Dodge: Dodged            |    25 |    75 |    17 ||   117

Table legend: (Time is in decaauts)
 A = Elapsed time spent in this place.
 B = Non-inter-level travel time spent in this place.
 C = Inter-level travel time spent in this place.
 D = Time resting spent in this place.
 E = Time spent auto-exploring this place.
 F = Levels seen in this place.
 G = Mean time per level.
                   A        B        C        D        E       F      G
               +--------+--------+--------+--------+--------+-----+--------+
         Total |   2317 |   2271 |     46 |     34 |   1449 |   5 |  463.4 |
       Dungeon |   2070 |   2024 |     46 |     11 |   1410 |   4 |  517.5 |
         Sewer |    247 |    247 |      0 |     23 |     39 |   1 |  247.0 |
               +--------+--------+--------+--------+--------+-----+--------+

Top non-repeatable levels by time:
     D:3: 778 daAuts
     D:1: 682 daAuts
     D:2: 480 daAuts
   Sewer: 247 daAuts
     D:4: 128 daAuts
